[Event "Titled Tuesday Blitz February 15 Early 2022"]
[White "De Silva, L M S T"]
[Black "Gulatz, Maurice"]
[WhiteFideId "9953698"]
[BlackFideId "24642746"]
[WhiteElo "1631"]
[BlackElo "2150"]
[Result "1-0"]
[Round "03"]
[TimeControl "180+1"]
[Date "2022.02.15"]
[WhiteClock "0:01:41"]
[BlackClock "0:00:35"]

1. e4 c6 2. d4 d5 3. Nc3 dxe4 4. Nxe4 Bf5 5. Ng3 Bg6 6. h4 h6 7. Nf3 Nd7 8. h5 Bh7 9. Bd3 Bxd3 10. Qxd3 e6 11. Bd2 Ngf6 12. O-O-O Be7 13. Kb1 O-O 14. Ne4 Nxe4 15. Qxe4 Nf6 16. Qe2 Qd5 17. Ne5 Qe4 18. Qxe4 Nxe4 19. Be3 Rad8 20. g4 f5 21. Ng6 Rfe8 22. f3 Nd6 23. Bf4 Bf6 24. Bxd6 Rxd6 25. c3 b6 26. Rde1 Rdd8 27. Re2 Kf7 28. Rhe1 c5 29. dxc5 bxc5 30. Kc2 fxg4 31. fxg4 Rd6 32. Nf4 Bg5 33. Nd3 Rc8 34. Ne5+ Kg8 35. Nc4 Ra6 36. Rxe6 Rxa2 37. Kb3 1-0


[Site "https://www.chess.com"]

[Event "Titled Tuesday Blitz February 15 Early 2022"]
[White "De Souza Sa, Apolo"]
[Black "Arias, Juan Cruz"]
[WhiteFideId "324225390"]
[BlackFideId "118540"]
[WhiteElo "1828"]
[BlackElo "2083"]
[Result "0-1"]
[Round "03"]
[TimeControl "180+1"]
[Date "2022.02.15"]
[WhiteClock "0:00:10"]
[BlackClock "0:00:38"]

1. d4 Nf6 2. c4 c5 3. d5 e5 4. Nc3 d6 5. e4 Nbd7 6. Be2 Be7 7. Bg4 Nxg4 8. Qxg4 O-O 9. Bh6 Bf6 10. Be3 a6 11. a4 Qa5 12. Qd1 Qb4 13. Qc2 Qxc4 14. a5 b5 15. Nge2 Be7 16. O-O f5 17. b3 Qb4 18. exf5 Qh4 19. Ng3 Nf6 20. Rad1 Ng4 21. Rfe1 Qxh2+ 22. Kf1 Bh4 23. Nce4 Bxf5 24. Nxf5 Rxf5 25. Nxd6 Nxe3+ 26. Rxe3 Rxf2+ 27. Qxf2 Bxf2 28. Rf3 Bd4 29. Ne4 Rf8 30. d6 Qh1+ 31. Ke2 Qxg2+ 32. Rf2 Rxf2+ 33. Nxf2 Qxf2+ 34. Kd3 Qe3+ 35. Kc2 Qc3+ 0-1


[Site "https://www.chess.com"]

[Event "Titled Tuesday Blitz February 15 Early 2022"]
[White "Deac, Bogdan-Daniel"]
[Black "Rostovtsev, Dmitry"]
[WhiteFideId "1226380"]
[BlackFideId "34278320"]
[WhiteElo "2646"]
[BlackElo "2218"]
[Result "1-0"]
[Round "03"]
[TimeControl "180+1"]
[Date "2022.02.15"]
[WhiteClock "0:00:03"]
[BlackClock "0:00:01"]

1. e4 c5 2. Nf3 Nc6 3. Bb5 e6 4. O-O Nge7 5. d4 cxd4 6. Nxd4 Nxd4 7. Qxd4 a6 8. Bd3 Nc6 9. Qe3 Be7 10. Qg3 O-O 11. Nc3 d6 12. f4 Bf6 13. Be3 b5 14. Rad1 Qc7 15. Qh3 g6 16. f5 Bxc3 17. bxc3 exf5 18. exf5 Qe7 19. Bh6 Re8 20. Qg3 Ne5 21. fxg6 hxg6 22. Bg5 Qa7+ 23. Kh1 f5 24. Bf6 Kf7 25. Qh4 Be6 26. Bg5 Rh8 27. Qg3 Ng4 28. h3 Ne5 29. Bf4 Qc5 30. Rde1 Nxd3 31. cxd3 Rad8 32. d4 Qd5 33. Bg5 Rde8 34. Kh2 Bd7 35. a3 Bc6 36. Bf4 Re4 37. Rxe4 Qxe4 38. Bxd6 Re8 39. Be5 Qd3 40. Rf3 Qe4 41. Rf4 Qd5 42. Rh4 Ke6 43. Qxg6+ Kd7 44. Rh7+ Kc8 45. Qxf5+ 1-0


[Site "https://www.chess.com"]

[Event "Titled Tuesday Blitz February 15 Early 2022"]
[White "Deepan Chakkravarthy J."]
[Black "Tissir, Mohamed"]
[WhiteFideId "5011132"]
[BlackFideId "9000240"]
[WhiteElo "2490"]
[BlackElo "2464"]
[Result "1-0"]
[Round "03"]
[TimeControl "180+1"]
[Date "2022.02.15"]
[WhiteClock "0:00:09"]
[BlackClock "0:00:04"]

1. Nf3 Nf6 2. g3 g6 3. Bg2 Bg7 4. O-O O-O 5. c4 d6 6. Nc3 a6 7. d3 h6 8. Rb1 e5 9. b4 Re8 10. Nd2 Nbd7 11. Nb3 Nf8 12. a4 h5 13. a5 h4 14. b5 Rb8 15. Nd2 axb5 16. cxb5 d5 17. Ba3 hxg3 18. hxg3 N8h7 19. Nf3 Qd7 20. d4 e4 21. Ne5 Qf5 22. Qd2 Ng5 23. Qf4 Nh3+ 24. Bxh3 Qxh3 25. Qh4 Qf5 26. Nd1 Ng4 27. Nxg4 Qxg4 28. Qxg4 Bxg4 29. Ne3 Bxe2 30. Nxd5 Bxf1 31. Kxf1 c6 32. Nc7 Rec8 33. b6 Bxd4 34. Ke2 Kg7 35. Bd6 Rd8 36. Bf4 Rbc8 37. a6 bxa6 38. b7 Rb8 39. Nxa6 f6 40. Bxb8 1-0


[Site "https://www.chess.com"]

[Event "Titled Tuesday Blitz February 15 Early 2022"]
[White "Demidov, Mikhail"]
[Black "Kucuksari, Kaan"]
[WhiteFideId "4197143"]
[BlackFideId "6380166"]
[WhiteElo "2525"]
[BlackElo "2305"]
[Result "0-1"]
[Round "03"]
[TimeControl "180+1"]
[Date "2022.02.15"]
[WhiteClock "0:00:37"]
[BlackClock "0:00:09"]

1. Nf3 Nf6 2. g3 g6 3. b3 Bg7 4. Bb2 O-O 5. Bg2 d6 6. d4 a5 7. O-O a4 8. c4 c6 9. bxa4 Nbd7 10. Nc3 Nb6 11. Qb3 Be6 12. Nd2 d5 13. c5 Nc4 14. Bc1 Nd7 15. e3 Qa5 16. Ndb1 Rfb8 17. Ne2 Nxc5 18. Qd1 Nxa4 19. Nf4 Bf5 20. Nd3 Nc3 21. Qc2 Nxb1 22. Rxb1 Qxa2 23. Qxa2 Rxa2 24. Rb3 Bxd3 25. Rxd3 b5 26. e4 e6 27. Bf4 Rba8 0-1


[Site "https://www.chess.com"]

[Event "Titled Tuesday Blitz February 15 Early 2022"]
[White "Demin, Vladimir"]
[Black "Lauridsen, Jesper Morch"]
[WhiteFideId "4167457"]
[BlackFideId "1401890"]
[WhiteElo "2470"]
[BlackElo "2200"]
[Result "1-0"]
[Round "03"]
[TimeControl "180+1"]
[Date "2022.02.15"]
[WhiteClock "0:00:56"]
[BlackClock "0:00:10"]

1. d4 d5 2. Bf4 e6 3. f3 Bd6 4. Bxd6 Qxd6 5. Nc3 Nf6 6. e4 dxe4 7. fxe4 Qb4 8. Qd2 Qxb2 9. Rb1 Qa3 10. Nf3 a6 11. Bd3 Qa5 12. O-O Nc6 13. e5 Nd5 14. Nxd5 Qxd5 15. c4 Qd8 16. Be4 Qe7 17. Ng5 f5 18. exf6 gxf6 19. Bxc6+ bxc6 20. Ne4 f5 21. Nc5 O-O 22. Rbe1 Bd7 23. Qf4 Rf6 24. Qxc7 Rd8 25. Re5 Rg6 26. g3 h5 27. Rfxf5 h4 28. Kf2 hxg3+ 29. hxg3 Qh7 30. Qxd8+ 1-0


[Site "https://www.chess.com"]

[Event "Titled Tuesday Blitz February 15 Early 2022"]
[White "Deuer, Marius"]
[Black "Janaszak, Dawid"]
[WhiteFideId "16236432"]
[BlackFideId "1119206"]
[WhiteElo "2091"]
[BlackElo "2199"]
[Result "0-1"]
[Round "03"]
[TimeControl "180+1"]
[Date "2022.02.15"]
[WhiteClock "0:01:14"]
[BlackClock "0:02:16"]

1. b3 c5 2. Bb2 d6 3. e4 e5 4. Nf3 Nf6 5. Nc3 Be7 6. Bc4 O-O 7. h3 Nc6 8. O-O Be6 9. d3 Qd7 10. Ne2 Nh5 11. Kh2 g6 12. g4 Ng7 13. Ng3 a6 14. a4 Rae8 0-1


[Site "https://www.chess.com"]

[Event "Titled Tuesday Blitz February 15 Early 2022"]
[White "Dev, Shah"]
[Black "Praslov, Andrey"]
[WhiteFideId "35019058"]
[BlackFideId "4147863"]
[WhiteElo "2098"]
[BlackElo "2377"]
[Result "1-0"]
[Round "03"]
[TimeControl "180+1"]
[Date "2022.02.15"]
[WhiteClock "0:01:51"]
[BlackClock "0:00:04"]

1. d4 d5 2. c4 dxc4 3. Nf3 Nf6 4. e3 e6 5. Bxc4 a6 6. O-O b5 7. Bb3 Bb7 8. a4 b4 9. Nbd2 c5 10. Nc4 Nc6 11. Qe2 cxd4 12. exd4 Be7 13. Rd1 O-O 14. a5 Nd5 15. Nfe5 Qc7 16. Qg4 Nf6 17. Qg3 Ne4 18. Qe3 Nf6 19. Nb6 Rad8 20. Nxc6 Qxc6 21. d5 Nxd5 22. Bxd5 Rxd5 23. Nxd5 Bc5 24. Qf3 exd5 25. Be3 Bd6 26. Bd4 1-0


[Site "https://www.chess.com"]

[Event "Titled Tuesday Blitz February 15 Early 2022"]
[White "Dilmukhametov, Artur"]
[Black "Demchenko, Anton"]
[WhiteFideId "24179922"]
[BlackFideId "4160258"]
[WhiteElo "2266"]
[BlackElo "2539"]
[Result "0-1"]
[Round "03"]
[TimeControl "180+1"]
[Date "2022.02.15"]
[WhiteClock "0:01:46"]
[BlackClock "0:02:48"]

1. d4 Nf6 2. c4 g6 3. Nc3 d6 4. e4 Bg7 5. Nf3 O-O 6. Be2 Nbd7 7. O-O e5 8. d5 Nc5 9. b4 Ncxe4 10. Nxe4 Nxe4 11. Qc2 f5 12. c5 g5 13. g3 g4 14. Ne1 Ng5 15. Bxg5 Qxg5 16. cxd6 cxd6 17. Ng2 f4 18. Rac1 f3 19. Ne3 fxe2 20. Qxe2 Bf5 21. Nxf5 Qxf5 22. Rc3 e4 23. b5 Bxc3 24. Rc1 Bd4 25. Re1 Bxf2+ 26. Kh1 Bxe1 27. Qxe1 Qf1+ 28. Qxf1 Rxf1+ 29. Kg2 Raf8 30. h3 R8f2# 0-1


[Site "https://www.chess.com"]

[Event "Titled Tuesday Blitz February 15 Early 2022"]
[White "Dobrov, Vladimir"]
[Black "Gabrielian, Artur"]
[WhiteFideId "4136594"]
[BlackFideId "4131002"]
[WhiteElo "2614"]
[BlackElo "2440"]
[Result "1-0"]
[Round "03"]
[TimeControl "180+1"]
[Date "2022.02.15"]
[WhiteClock "0:00:57"]
[BlackClock "0:00:13"]

1. d4 Nf6 2. c4 c5 3. d5 e6 4. Nc3 exd5 5. cxd5 d6 6. Nf3 g6 7. Bf4 Bg7 8. Qa4+ Bd7 9. Qb3 b5 10. Bxd6 Qb6 11. Be5 O-O 12. e3 c4 13. Qd1 b4 14. Ne2 Rc8 15. Nf4 Bb5 16. Rc1 Nbd7 17. Bd4 Qa6 18. Be2 Rab8 19. O-O Nb6 20. Be5 Rb7 21. Qd2 Rd7 22. Qxb4 Nbxd5 23. Qe1 Nxf4 24. exf4 Qb6 25. b3 Re8 26. bxc4 Bc6 27. c5 Qd8 28. Qc3 Nd5 29. Qc4 Nxf4 30. Qxf4 Bxf3 31. Bxg7 Bxe2 32. Bf6 Qc8 33. Qh6 1-0


[Site "https://www.chess.com"]

[Event "Titled Tuesday Blitz February 15 Early 2022"]
[White "Eggleston, Thomas A"]
[Black "Pourkashiyan, Atousa"]
[WhiteFideId "412139"]
[BlackFideId "12502014"]
[WhiteElo "2174"]
[BlackElo "2247"]
[Result "0-1"]
[Round "03"]
[TimeControl "180+1"]
[Date "2022.02.15"]
[WhiteClock "0:00:05"]
[BlackClock "0:00:17"]

1. e4 c5 2. b3 e6 3. Bb2 Nc6 4. f4 d5 5. e5 h5 6. Nc3 Nh6 7. Bb5 Bd7 8. Nh3 Nf5 9. Nf2 d4 10. Nce4 Nxe5 11. fxe5 Bxb5 12. a4 Bc6 13. Qe2 Be7 14. O-O h4 15. Nd3 Qd5 16. Rf4 h3 17. g4 Bg5 18. Nxg5 Qh1+ 19. Kf2 Qxh2+ 20. Ke1 Qg3+ 21. Qf2 h2 22. Ke2 h1=Q 23. Rxh1 Rxh1 24. Qxg3 Nxg3+ 25. Kf2 Nf1 26. Nxf7 Nxd2 27. Nd6+ Ke7 28. Rf7+ Kd8 29. Nxc5 Rf1+ 30. Kg3 Rxf7 31. Nxf7+ Ke7 32. Nd6 b6 33. Nd3 Ne4+ 34. Nxe4 Bxe4 35. Kf4 Bxd3 36. cxd3 Rd8 37. Ke4 g6 38. Bxd4 Rc8 39. Be3 Rc2 40. Bg5+ Kd7 41. Bf6 Rb2 42. Kf4 Rxb3 43. Kg5 Rxd3 44. Kxg6 Rd4 45. g5 Rxa4 46. Kf7 Rg4 47. g6 b5 48. g7 b4 49. g8=Q Rxg8 50. Kxg8 b3 0-1


[Site "https://www.chess.com"]

[Event "Titled Tuesday Blitz February 15 Early 2022"]
[White "Einarsson, Halldor Gretar"]
[Black "Buscar, Michael"]
[WhiteFideId "2300150"]
[BlackFideId "2603616"]
[WhiteElo "2114"]
[BlackElo "2010"]
[Result "0-1"]
[Round "03"]
[TimeControl "180+1"]
[Date "2022.02.15"]
[WhiteClock "0:00:01"]
[BlackClock "0:00:16"]

1. d4 d5 2. Nf3 e6 3. g3 c5 4. Bg2 Nc6 5. O-O Nf6 6. c4 Be7 7. cxd5 exd5 8. Nc3 O-O 9. Bg5 c4 10. b3 Qa5 11. Qd2 Bb4 12. Bxf6 gxf6 13. Rfc1 Ba3 14. Rc2 Be6 15. Qh6 Bf5 16. e4 dxe4 17. Nh4 Nxd4 18. Nxf5 Nxf5 19. Qh5 Rfe8 20. Nxe4 Qe5 21. Rd1 Nd4 22. Qg4+ Kh8 23. Rxc4 Rad8 24. h4 f5 25. Qg5 fxe4 26. Qxe5+ Rxe5 27. Rcxd4 Rde8 28. Rd7 Bc5 0-1


[Site "https://www.chess.com"]

[Event "Titled Tuesday Blitz February 15 Early 2022"]
[White "Erigaisi Arjun"]
[Black "Mirzoev, Azer"]
[WhiteFideId "35009192"]
[BlackFideId "13400304"]
[WhiteElo "2745"]
[BlackElo "2525"]
[Result "1-0"]
[Round "03"]
[TimeControl "180+1"]
[Date "2022.02.15"]
[WhiteClock "0:00:29"]
[BlackClock "0:00:17"]

1. d3 d5 2. Nf3 Nf6 3. Nbd2 Nc6 4. e4 e5 5. Be2 dxe4 6. dxe4 Be7 7. O-O O-O 8. c3 a5 9. a4 b6 10. Qc2 Bb7 11. Nc4 Nd7 12. Rd1 Qe8 13. Ne3 Bc5 14. Nd5 Rc8 15. Bb5 Ncb8 16. b4 Bd6 17. bxa5 bxa5 18. Ne3 Qe6 19. Bc4 Qf6 20. Nf5 h6 21. Bd5 Bxd5 22. Rxd5 Nc6 23. Be3 Rfd8 24. Rad1 Nf8 25. h4 Ng6 26. Qd2 Nge7 27. Nxe7+ Qxe7 28. h5 Qe6 29. Qe2 Rb8 30. Nh4 Rb3 31. Nf5 Qf6 32. Qc4 1-0


[Site "https://www.chess.com"]

[Event "Titled Tuesday Blitz February 15 Early 2022"]
[White "Faizrakhmanov, Ramil"]
[Black "Williams, Simon K"]
[WhiteFideId "24103209"]
[BlackFideId "404454"]
[WhiteElo "2502"]
[BlackElo "2468"]
[Result "0-1"]
[Round "03"]
[TimeControl "180+1"]
[Date "2022.02.15"]
[WhiteClock "0:00:10"]
[BlackClock "0:01:02"]

1. e4 d6 2. d4 Nf6 3. Nc3 Nbd7 4. Nf3 e5 5. Bc4 Be7 6. O-O c6 7. a4 Qc7 8. Re1 h6 9. h3 Nf8 10. Nh4 g6 11. Nf3 g5 12. b3 Ng6 13. Ba3 g4 14. hxg4 Bxg4 15. dxe5 dxe5 16. Bxe7 Qxe7 17. Be2 Nf4 18. Qd2 Rg8 19. g3 N6h5 20. Qe3 O-O-O 21. Rad1 Rxd1 22. Rxd1 Kb8 23. Nh2 Bxe2 24. Nxe2 Qe6 25. Qf3 Qh3 26. Nxf4 Nxf4 27. Rd7 Qxd7 0-1


[Site "https://www.chess.com"]

[Event "Titled Tuesday Blitz February 15 Early 2022"]
[White "Fajdetic, Hrvoje"]
[Black "Al Hosani, Omran"]
[WhiteFideId "14501945"]
[BlackFideId "9308733"]
[WhiteElo "2140"]
[BlackElo "2246"]
[Result "1-0"]
[Round "03"]
[TimeControl "180+1"]
[Date "2022.02.15"]
[WhiteClock "0:00:11"]
[BlackClock "0:00:19"]

1. d4 Nf6 2. Bf4 c5 3. d5 e6 4. Nc3 exd5 5. Nxd5 Nxd5 6. Qxd5 Nc6 7. O-O-O Be7 8. Bd6 O-O 9. Qxc5 b6 10. Bxe7 Nxe7 11. Qh5 d5 12. e3 Bf5 13. Bd3 Bg6 14. Bxg6 hxg6 15. Qh3 Qc7 16. Nf3 Rfc8 17. Rd2 f6 18. Qe6+ Kf8 19. h4 Qc6 20. Nd4 Qxe6 21. Nxe6+ Kf7 22. Nf4 Rc5 23. Rhd1 Rac8 24. c3 a5 25. Nxd5 Nxd5 26. Rxd5 b5 27. Rxc5 Rxc5 28. a3 a4 29. Rd4 g5 30. h5 Kg8 31. g4 Kh7 32. Kd2 Kh6 33. Rd6 Kh7 34. Kd3 f5 35. f3 Kg8 36. e4 f4 37. Rd5 Rc8 38. Rxg5 Rd8+ 39. Ke2 Rb8 40. h6 Kh7 41. hxg7 Kg8 42. e5 Rb6 43. Kd3 Rh6 44. Ke4 Rh2 45. Kxf4 Rxb2 46. e6 Re2 47. Kf5 Re3 48. f4 Rxc3 49. Kf6 b4 50. axb4 a3 51. Ra5 Kh7 52. Ra8 Rc8 53. Rxc8 a2 54. Rh8# 1-0


[Site "https://www.chess.com"]

[Event "Titled Tuesday Blitz February 15 Early 2022"]
[White "Federzoni, Enzo"]
[Black "Kretov, Evgenij"]
[WhiteFideId "2173301"]
[BlackFideId "4167821"]
[WhiteElo "1956"]
[BlackElo "2303"]
[Result "0-1"]
[Round "03"]
[TimeControl "180+1"]
[Date "2022.02.15"]
[WhiteClock "0:00:35"]
[BlackClock "0:01:33"]

1. c4 Nf6 2. Nc3 c5 3. g3 e6 4. Bg2 d5 5. cxd5 exd5 6. d3 d4 7. Ne4 Nd5 8. Nf3 Be7 9. O-O O-O 10. Bg5 Nc6 11. Rc1 b6 12. a3 Bb7 13. Bxe7 Qxe7 14. Qd2 h6 15. g4 Rfe8 16. Ng3 Ne5 17. Nf5 Nxf3+ 18. Bxf3 Qe5 19. Be4 Rab8 20. f4 Qe6 21. h3 Nf6 22. Bxb7 Rxb7 23. Rf2 h5 24. Rg2 hxg4 25. hxg4 Nxg4 26. Rxg4 Qxf5 27. Rg2 Re3 28. Rf1 Rbe7 29. Rf3 Rxf3 30. exf3 Re3 31. Rg4 Qxd3 0-1


[Site "https://www.chess.com"]

[Event "Titled Tuesday Blitz February 15 Early 2022"]
[White "Ferreira, Vitor Hugo Vieira"]
[Black "Harshavardhan G B"]
[WhiteFideId "2119765"]
[BlackFideId "25059009"]
[WhiteElo "2216"]
[BlackElo "1831"]
[Result "0-1"]
[Round "03"]
[TimeControl "180+1"]
[Date "2022.02.15"]
[WhiteClock "0:01:03"]
[BlackClock "0:01:11"]

1. Nf3 Nf6 2. c4 g6 3. g3 Bg7 4. Bg2 O-O 5. O-O d6 6. Nc3 e5 7. d4 Nbd7 8. e4 Re8 9. h3 exd4 10. Nxd4 Nc5 11. Re1 Bd7 12. Bf4 Qc8 13. Kh2 a5 14. Qd2 a4 15. Rad1 Ne6 16. Nxe6 Bxe6 17. Nd5 Nd7 18. Bh6 Bxh6 19. Qxh6 Bxd5 20. exd5 Nc5 21. h4 Qf5 22. Qd2 h5 23. Bh3 Qf6 24. f4 a3 25. Rxe8+ Rxe8 26. bxa3 Ra8 27. f5 Rxa3 28. fxg6 fxg6 29. Rf1 Qe5 30. Qh6 Qxg3+ 31. Kh1 Qxh3+ 0-1


[Site "https://www.chess.com"]

[Event "Titled Tuesday Blitz February 15 Early 2022"]
[White "Firat, Burak"]
[Black "Idrisov, Ildar F"]
[WhiteFideId "6305881"]
[BlackFideId "4151020"]
[WhiteElo "2419"]
[BlackElo "2209"]
[Result "1-0"]
[Round "03"]
[TimeControl "180+1"]
[Date "2022.02.15"]
[WhiteClock "0:02:21"]
[BlackClock "0:00:47"]

1. Nf3 d6 2. c4 f5 3. g3 Nf6 4. d3 e5 5. Bg2 Be7 6. O-O O-O 7. Nc3 Nc6 8. Rb1 a5 9. a3 h6 10. b4 axb4 11. axb4 Be6 12. b5 Nb8 13. Nh4 Qc8 14. Ng6 Re8 15. Nxe7+ Rxe7 16. e4 fxe4 17. Nxe4 Nxe4 18. Bxe4 Nd7 19. f4 Nc5 20. f5 Nxe4 21. dxe4 Bxc4 22. Rf2 Qf8 23. Be3 Ra2 24. Rxa2 Bxa2 25. Ra1 Bc4 26. b6 Qf7 27. bxc7 Rxc7 28. Qxd6 Qe7 29. Ra8+ 1-0


[Site "https://www.chess.com"]

[Event "Titled Tuesday Blitz February 15 Early 2022"]
[White "Gaehwiler, Gabriel"]
[Black "Eynullayev, Atilla"]
[WhiteFideId "1314530"]
[BlackFideId "13413570"]
[WhiteElo "2383"]
[BlackElo "1979"]
[Result "1-0"]
[Round "03"]
[TimeControl "180+1"]
[Date "2022.02.15"]
[WhiteClock "0:00:58"]
[BlackClock "0:00:06"]

1. Nf3 Nf6 2. c4 e6 3. g3 d5 4. Bg2 Be7 5. O-O O-O 6. d4 dxc4 7. Qc2 a6 8. Qxc4 b5 9. Qc2 Bb7 10. Bd2 Be4 11. Qc1 c6 12. Rd1 Nbd7 13. Nc3 Bg6 14. Bf4 Rc8 15. Ne5 Qb6 16. Be3 Qb7 17. Nd3 Bxd3 18. Rxd3 Qb8 19. Bf4 Qb6 20. a4 c5 21. d5 c4 22. Rd1 exd5 23. axb5 axb5 24. Nxd5 Nxd5 25. Bxd5 Bc5 26. Kg2 Nf6 27. Bf3 Rfe8 28. e3 Ne4 29. Qc2 f5 30. Rd7 Qe6 31. Rad1 Re7 32. R7d5 Qf6 33. h4 h6 34. h5 Ng5 35. Rxf5 Qe6 36. Bd5 1-0


[Site "https://www.chess.com"]

[Event "Titled Tuesday Blitz February 15 Early 2022"]
[White "Gan-Erdene, Sugar"]
[Black "Loy, Konstantin"]
[WhiteFideId "4902980"]
[BlackFideId "14122499"]
[WhiteElo "2256"]
[BlackElo "2084"]
[Result "1-0"]
[Round "03"]
[TimeControl "180+1"]
[Date "2022.02.15"]
[WhiteClock "0:01:49"]
[BlackClock "0:00:04"]

1. e4 c5 2. Nf3 d6 3. d4 cxd4 4. Nxd4 Nf6 5. Nc3 g6 6. Be3 Bg7 7. Be2 O-O 8. O-O Nc6 9. f4 Qa5 10. Nb3 Qd8 11. Bf3 Be6 12. Qd2 Rc8 13. Rad1 Na5 14. Nxa5 Qxa5 15. Nd5 Qd8 16. b3 Bxd5 17. exd5 a6 18. c4 b5 19. cxb5 axb5 20. Rc1 Qd7 21. Rc6 Ng4 22. Bd4 Bxd4+ 23. Qxd4 Nf6 24. Rfc1 Ra8 25. Rc7 Qf5 26. a4 bxa4 27. bxa4 Ra5 28. Rxe7 Nxd5 29. Re4 Nf6 30. Ree1 d5 31. h3 h5 32. Re5 Qd7 33. f5 Qxa4 34. Qe3 Qa3 35. Qg5 Nh7 36. Qh6 1-0


[Site "https://www.chess.com"]

[Event "Titled Tuesday Blitz February 15 Early 2022"]
[White "Garagulya, Konstantin"]
[Black "Molina, Roberto Junio Brito"]
[WhiteFideId "4128931"]
[BlackFideId "2109450"]
[WhiteElo "2329"]
[BlackElo "2402"]
[Result "1-0"]
[Round "03"]
[TimeControl "180+1"]
[Date "2022.02.15"]
[WhiteClock "0:00:27"]
[BlackClock "0:00:32"]

1. d4 d5 2. Nf3 Nf6 3. c4 c6 4. Qc2 dxc4 5. Qxc4 Bf5 6. e3 e6 7. Bd3 Bxd3 8. Qxd3 Nbd7 9. O-O Be7 10. Rd1 O-O 11. Nc3 Rc8 12. e4 Qc7 13. Bg5 e5 14. d5 cxd5 15. Nxd5 Nxd5 16. Qxd5 Nb6 17. Qb5 Bxg5 18. Nxg5 h6 19. Nf3 f6 20. b3 Qc6 21. Qb4 Rfd8 22. h3 Kh7 23. Nh4 Rxd1+ 24. Rxd1 Qc5 25. Qd2 Qc2 26. f3 Qxd2 27. Rxd2 g6 28. g3 Kg7 29. Kg2 Kf7 30. f4 exf4 31. gxf4 Rc7 32. f5 g5 33. Ng6 Rd7 34. Rc2 h5 35. e5 Ke8 36. e6 Rd5 37. Rc7 Rxf5 38. Rxb7 Ra5 39. Rb8+ 1-0


[Site "https://www.chess.com"]

[Event "Titled Tuesday Blitz February 15 Early 2022"]
[White "Glidzhain, Gor"]
[Black "Tsydypov, Zhamsaran"]
[WhiteFideId "24109932"]
[BlackFideId "4108566"]
[WhiteElo "2229"]
[BlackElo "2614"]
[Result "0-1"]
[Round "03"]
[TimeControl "180+1"]
[Date "2022.02.15"]
[WhiteClock "0:00:13"]
[BlackClock "0:01:44"]

1. e4 c5 2. Nf3 e6 3. c3 Nf6 4. e5 Nd5 5. d4 cxd4 6. cxd4 b6 7. Nc3 Nxc3 8. bxc3 Bb7 9. Bd3 Be7 10. O-O d6 11. Bf4 O-O 12. Re1 h6 13. exd6 Bxd6 14. Ne5 Nc6 15. Qg4 Bxe5 16. Bxe5 Nxe5 17. Rxe5 Rc8 18. c4 Qd6 19. Rae1 Rfd8 20. d5 exd5 21. Re7 dxc4 22. Bf5 Rb8 23. h4 Qf6 0-1


[Site "https://www.chess.com"]

[Event "Titled Tuesday Blitz February 15 Early 2022"]
[White "Goltsev, Dmitry"]
[Black "Urazayev, Arystanbek"]
[WhiteFideId "24176710"]
[BlackFideId "13709810"]
[WhiteElo "2273"]
[BlackElo "2321"]
[Result "0-1"]
[Round "03"]
[TimeControl "180+1"]
[Date "2022.02.15"]
[WhiteClock "0:00:03"]
[BlackClock "0:00:51"]

1. e4 c6 2. d4 d5 3. Nc3 dxe4 4. Nxe4 Nf6 5. Nxf6+ exf6 6. c3 Bd6 7. Bd3 O-O 8. Qc2 f5 9. Bxf5 Bxf5 10. Qxf5 Re8+ 11. Be3 Nd7 12. Ne2 Nb6 13. Qd3 Nd5 14. Kd2 b5 15. Rhe1 a5 16. Ng3 a4 17. Nf5 Bf8 18. Re2 g6 19. Ng3 Qh4 20. Rae1 Qxh2 21. Ne4 Qxg2 22. Ng3 Qf3 23. Rg1 a3 24. b3 b4 25. c4 Nc3 26. Ree1 Rad8 27. Qc2 Bg7 28. Kc1 Bxd4 29. Nf5 Bxe3+ 30. fxe3 Kf8 31. Rgf1 Qe4 32. Nh6 f5 33. Qh2 Qe5 34. Qh3 Nxa2+ 35. Kb1 Qb2# 0-1


[Site "https://www.chess.com"]

[Event "Titled Tuesday Blitz February 15 Early 2022"]
[White "Gracia Alvarez, Gerardo Antonio"]
[Black "Yuan, Qingyu"]
[WhiteFideId "5109124"]
[BlackFideId "8609772"]
[WhiteElo "2139"]
[BlackElo "2359"]
[Result "0-1"]
[Round "03"]
[TimeControl "180+1"]
[Date "2022.02.15"]
[WhiteClock "0:00:10"]
[BlackClock "0:00:08"]

1. e4 c6 2. c4 d5 3. cxd5 cxd5 4. exd5 Nf6 5. Qa4+ Nbd7 6. Nc3 g6 7. Bc4 Bg7 8. d3 O-O 9. Nf3 a6 10. Qa3 b6 11. O-O Bb7 12. Re1 b5 13. Bb3 Re8 14. Qb4 Nb6 15. Qh4 Nbxd5 16. Ne5 Rc8 17. d4 b4 18. Na4 a5 19. Nc5 Ba8 20. Bh6 Qd6 21. Rad1 Red8 22. Rd3 Bh8 23. Rh3 Bc6 24. Bg5 h5 25. Rg3 Bg7 26. Bc1 Be8 27. Qg5 Rc7 28. Nxg6 fxg6 29. Re6 Qxe6 30. Nxe6 Ne4 31. Bxd5 Rxd5 32. Nxc7 Rxd4 33. h4 Nxg5 34. Bxg5 Bf7 35. Be3 Rd1+ 36. Kh2 Be5 37. f4 Bxc7 38. Rf3 Bd5 39. Rf2 e6 40. g3 Rh1# 0-1


[Site "https://www.chess.com"]

[Event "Titled Tuesday Blitz February 15 Early 2022"]
[White "Grischuk, Alexander"]
[Black "Vovk, Orest"]
[WhiteFideId "4126025"]
[BlackFideId "14113490"]
[WhiteElo "2762"]
[BlackElo "2203"]
[Result "1-0"]
[Round "03"]
[TimeControl "180+1"]
[Date "2022.02.15"]
[WhiteClock "0:00:13"]
[BlackClock "0:00:02"]

1. e4 g5 2. d4 h6 3. h4 g4 4. Nc3 Bg7 5. Be3 d6 6. Bc4 c6 7. a4 Qa5 8. Ne2 Nd7 9. Ng3 Nf8 10. Qd2 Be6 11. Bxe6 Nxe6 12. Nf5 Bf8 13. O-O-O b5 14. axb5 cxb5 15. Kb1 Nf6 16. Nd5 Qxd2 17. Nxf6+ exf6 18. Rxd2 h5 19. d5 Ng7 20. Nd4 a6 21. c4 bxc4 22. Rc1 Be7 23. Nc6 f5 24. Bd4 Rg8 25. Nxe7 Kxe7 26. Rxc4 Ne8 27. exf5 Kd7 28. Rdc2 Rb8 29. Rc6 Rb7 30. Rb6 Rxb6 31. Bxb6 g3 32. f3 f6 33. Ka2 Rg7 34. Re2 Re7 35. Re6 Ng7 36. Rxf6 Re5 37. Rf7+ Re7 38. Rf8 Re5 39. f6 Nf5 40. Rd8# 1-0


[Site "https://www.chess.com"]

[Event "Titled Tuesday Blitz February 15 Early 2022"]
[White "Gubajdullin, Alexei"]
[Black "Singh, Ojasva"]
[WhiteFideId "4141202"]
[BlackFideId "25681958"]
[WhiteElo "2268"]
[BlackElo "1741"]
[Result "1/2-1/2"]
[Round "03"]
[TimeControl "180+1"]
[Date "2022.02.15"]
[WhiteClock "0:00:20"]
[BlackClock "0:00:08"]

1. d4 d5 2. Nf3 Nf6 3. Bf4 c5 4. e3 Nc6 5. Nbd2 Qb6 6. dxc5 Qxb2 7. c4 e5 8. Rb1 Qc3 9. Rb3 Qa5 10. Nxe5 Bxc5 11. cxd5 Nxd5 12. Nc4 Qd8 13. Ne4 Nxf4 14. Qxd8+ Nxd8 15. Nxc5 Nfe6 16. Nd6+ Ke7 17. Ncxb7 Nxb7 18. Nxc8+ Rhxc8 19. Rxb7+ Kf6 20. g3 Rc1+ 21. Kd2 Ra1 22. Rb2 Rd8+ 23. Ke2 Rdd1 24. Bg2 Rxh1 25. Bxh1 Rxh1 26. Rb7 Rxh2 27. Rxa7 Rh1 28. f4 Ra1 29. g4 h6 30. Kf3 g6 31. Ke4 h5 32. gxh5 gxh5 33. Ra5 Rh1 34. Kf3 Rh3+ 35. Kf2 Ng7 36. e4 Ne6 37. a4 Ke7 38. Rf5 Nd4 39. Re5+ Kf6 40. Kg2 Rf3 41. Rd5 Rxf4 42. Rxd4 Ke5 43. Rd5+ Kxe4 44. Rxh5 Rf6 45. Ra5 Kd4 46. Ra8 Kc5 47. a5 Kb5 48. Kg3 Ra6 49. Rxa6 Kxa6 50. Kf4 Kxa5 51. Kf5 Kb6 52. Kf6 Kc7 53. Kxf7 1/2-1/2


[Site "https://www.chess.com"]